 Dungeon Crawl Stone Soup version 0.16-a0-3992-g631dd12 (console) character file.

61 MarvinPA the Insei (level 4, 38/38 HPs)
             Began as a Naga Transmuter on Feb 12, 2015.
             Quit the game on level 2 of the Dungeon.
             The game lasted 00:03:38 (2470 turns).

MarvinPA the Insei (Naga Transmuter)                Turns: 2470, Time: 00:03:38

Health: 38/38      AC:  2    Str: 12    XL:     4   Next: 7%
Magic:  7/7        EV: 10    Int: 14    God:
Gold:   65         SH:  0    Dex: 12    Spells: 2 memorised, 4 levels left

rFire  . . .     SeeInvis +       - Unarmed
rCold  . . .     Clarity  .     c - +0 robe
rNeg   . . .     SustAb   .     (no shield)
rPois  +         Gourm    .     (no helmet)
rElec  .         Spirit   .     (no cloak)
rCorr  .         Warding  .     (no gloves)
rMut   .         Stasis   .     (no barding)
MR     .....                    (no amulet)
Stlth  +.........               (no ring)
                                (no ring)

@: very slow, not resistant to hostile enchantments, very unstealthy
A: spit poison, see invisible, deformed body, poison resistance, slowness 2, AC
+1
a: Spit Poison


You were on level 2 of the Dungeon.
You were not hungry.

You visited 1 branch of the dungeon, and saw 2 of its levels.

You collected 65 gold pieces.


Innate Abilities, Weirdness & Mutations

You cannot wear boots.
You can spit poison.
Your serpentine skin is tough (AC +1).
You have supernaturally acute eyesight.
Armour fits poorly on your strangely shaped body.
Your system is resistant to poisons.
You cover ground very slowly.


   Skills:
 - Level 1.0 Fighting
 - Level 1.5 Dodging
 + Level 4.8 Unarmed Combat
 - Level 2.0 Spellcasting
 - Level 2.0 Transmutations


You had 4 spell levels left.
You knew the following spells:

 Your Spells              Type           Power        Failure   Level  Hunger
z - Beastly Appendage     Trmt           #.....       12%         1    ##.....
Z - Sticks to Snakes      Trmt           #.........   17%         2    ###....

Inventory:

Missiles
 b - 12 arrows
 n - 16 arrows of dispersal {=f}
Armour
 c - a +0 robe (worn)
Scrolls
 f - a scroll of magic mapping {unknown}
 g - a scroll of remove curse {unknown}
 h - a scroll of immolation {unknown}
 j - a scroll of fear {unknown}
 k - 3 scrolls of identify {unknown}
 m - a scroll of blinking {unknown}
 q - a scroll of enchant armour {unknown}
Potions
 e - a potion of might {unknown}
 o - a potion of ambrosia {unknown}
 p - a potion of curing {unknown}
Books
 d - a book of Changes
Comestibles
 a - 2 bread rations
 i - 2 chunks of flesh
 l - a meat ration

Dungeon Overview and Level Annotations

Branches:
Dungeon (2/15)

Altars:
Kikubaaqudgha
Nemelex Xobeh
Qazlal
Ru
Vehumet

####### #.. ..# #.###.#
#.#.... #.#.... #### #......
############.N## #.#....
#...[....##..._# #.#....
#.........#....#########.#####
#...........⌠P_#.......#.#
#.........#P..P#.......#.#
######'#######..._#.......#.#
#......#.##..##..##....####.#
#......#..+...####.....####.#
.......#.##.................#


There were no monsters in sight!


Message History

Use which ability? (? or * to list)
Aim: a ball python The splash of poison misses the ball python.
You feel slightly more hungry. The ball python bites you.
Unknown command.
You hit the ball python.
The ball python is severely wounded.
The ball python barely misses you.
You closely miss the ball python.
The ball python is severely wounded.
The ball python closely misses you.
You punch the ball python!
You kill the ball python!
You see here a ball python corpse.
You butcher the ball python corpse.
i - 2 chunks of flesh (gained 1)
You see here a ball python skeleton.
You start resting.
You have got your breath back.
HP restored.
q - a scroll labeled JEUFOJUGHAI You open the door.
Found a leather armour.
There is an open door here.
Found a sparkling altar of Nemelex Xobeh.
Found a sacrificial altar of Ru and an ancient bone altar of Kikubaaqudgha.
Found a scroll labeled FOETSIEFIE.
There is a dry fountain here.
k - 3 scrolls labeled FOETSIEFIE (gained 1) Are you sure you want to abandon this character and quit the game? (Confirm with "yes".)

Action                   |  1- 3 |  4- 6 || total
-------------------------+-------+-------++-------
Melee: Unarmed           |   102 |     3 ||   105
 Cast: Beastly Appendage |     3 |       ||     3
 Abil: Spit Poison       |    27 |     2 ||    29
  Use: Potion            |     1 |       ||     1
  Eat: Chunk             |     6 |     1 ||     7

Vault maps used:
D:1:      co_arrival_random_square_maze, minmay_ruptured
D:2:      minitemple, gammafunk_temple_overflow_forgotten, minmay_crystal_room,
          eino_curves_02, nrook_mini_vaults

Notes
Turn   | Place    | Note
--------------------------------------------------------------
     0 | D:1      | MarvinPA, the Naga Transmuter, began the quest for the Orb.
     0 | D:1      | Reached XP level 1. HP: 18/18 MP: 3/3
   528 | D:1      | Reached XP level 2. HP: 25/25 MP: 4/4
   578 | D:1      | Learned a level 2 spell: Sticks to Snakes
  1164 | D:1      | Reached skill level 4 in Unarmed Combat
  1204 | D:2      | Reached XP level 3. HP: 31/31 MP: 4/6
  1605 | D:2      | Found a radiant altar of Vehumet.
  1606 | D:2      | Found a stormy altar of Qazlal.
  1745 | D:2      | HP: 3/31 [poisoned by an adder]
  1753 | D:2      | HP: 2/31 [poisoned by an adder]
  2269 | D:2      | Reached XP level 4. HP: 24/38 MP: 7/7
  2459 | D:2      | Found a sparkling altar of Nemelex Xobeh.
  2460 | D:2      | Found a sacrificial altar of Ru.
  2460 | D:2      | Found an ancient bone altar of Kikubaaqudgha.
  2470 | D:2      | Quit the game

Vanquished Creatures
  2 adders (D:2)
  A worm (D:2)
  A giant gecko (D:1)
  An ooze (D:1)
  A ball python (D:2)
  4 goblins
  5 hobgoblins
  5 kobolds
  6 bats
  5 giant newts
  5 rats
36 creatures vanquished.
